AoeStats
← SupremeSEITAN

Pilgrims

510178042Analyzed
4v4 RM · 2d ago on Sep 29, 2026· 46m 32s· 8 players
Game mode
Random Map
Map size
Large (8 player)
Population
200
Speed
Normal
Resources
Standard
Victory
Conquest
Starting age
Dark Age
Ending age
Imperial Age
RankedLock teamsTeams togetherTeam positionsShared explorationLock speedFull tech treeHidden civsTurbo modeCheats
Victory
Defeat
🇨🇴 Saracens · Colombia
1081
+11
🇫🇷 Japanese · France
1038
+13
🇵🇱 Franks · Poland
1032
+13
🇪🇸 Bohemians · Spain
1026
+13
🇦🇺 Portuguese · Australia
998
-13
🇪🇸 Tatars · Spain
990
-13
🇳🇱 Romans · Netherlands
952
-12
🇪🇸 Celts · Spain
947
-12
Lizard Bro
11:03 Feudal Age
14:43 Castle Age
14:04 Fletching
14:03 Double-Bit Axe
15:50 Medium Warships
18:42 Bodkin Arrow
20:19 Town Watch
20:20 Loom
24:27 Bow Saw
26:55 Ballistics
26:30 Murder Holes
27:37 Guard Tower
29:35 Yasama
31:42 Wheelbarrow
32:03 Fishing Lines
32:49 Scale Mail Armor
32:53 Treadmill Crane
38:07 Imperial Age
36:31 Masonry
39:48 Two-Man Saw
40:02 Chemistry
39:27 Bracer
41:18 Keep
41:35 Forging
41:40 Chain Mail Armor
43:45 Iron Casting
43:32 Conscription
44:15 Arrowslits
44:36 Siege Engineers
44:47 Capped Ram
HaakonFloKSven
3:25 Loom
12:27 Feudal Age
13:57 Double-Bit Axe
13:56 Horse Collar
17:35 Scale Barding Armor
17:45 Forging
19:41 Castle Age
17:57 Padded Archer Armor
17:47 Fletching
18:24 Bloodlines
18:28 Gold Mining
19:36 Stone Mining
20:55 Medium Warships
21:09 Husbandry
22:12 Bow Saw
23:38 Gold Shaft Mining
24:54 Wheelbarrow
Ilyrian
6:36 Loom
12:33 Feudal Age
13:22 Double-Bit Axe
13:21 Fishing Lines
19:31 Castle Age
17:11 Man-at-Arms
23:00 Husbandry
31:36 Wheelbarrow
31:59 Scale Barding Armor
32:04 Forging
37:55 Imperial Age
36:55 Gold Mining
36:55 Stone Mining
38:03 Chain Barding Armor
37:53 Forging
39:09 Hand Cart
38:57 Cavalier
40:50 Chivalry
41:16 Bow Saw
42:36 Plate Barding Armor
42:36 Iron Casting
43:30 Chemistry
42:51 Ballistics
44:11 Coinage
43:42 Caravan
43:45 Scale Mail Armor
43:35 Fletching
43:45 Padded Archer Armor
MacGyver (RubenS)
3:29 Loom
13:58 Feudal Age
15:19 Wheelbarrow
14:30 Double-Bit Axe
14:28 Horse Collar
14:35 Town Watch
15:30 Fishing Lines
15:47 Arson
16:09 Scale Mail Armor
16:20 Forging
20:35 Man-at-Arms
23:17 Castle Age
23:51 Gillnets
23:37 Long Swordsman
24:32 Squires
25:54 Iron Casting
26:19 Chain Mail Armor
27:52 Heavy Plow
27:45 Pikeman
32:24 Bow Saw
33:15 Hand Cart
36:06 Imperial Age
36:53 Chemistry
36:10 Two-Handed Swordsman
37:26 Conscription
37:24 Champion
41:24 Two-Man Saw
41:17 Houfnice
44:55 Elite Hussite Wagon
SupremeSEITAN
7:50 Loom
12:20 Feudal Age
13:53 Double-Bit Axe
16:43 Castle Age
27:18 Ballistics
30:05 Gold Mining
30:58 Wheelbarrow
40:27 Horse Collar
44:16 Imperial Age
44:42 Heavy Plow
45:58 Bow Saw
45:43 Heavy Scorpion
paingemBN
11:58 Feudal Age
19:04 Castle Age
17:05 Horse Collar
17:13 Double-Bit Axe
17:58 Gold Mining
19:49 Wheelbarrow
20:48 Bow Saw
22:56 Fletching
23:06 Padded Archer Armor
23:02 Crossbowman
24:44 Stone Mining
Rad el Bárbaro
6:26 Loom
9:17 Feudal Age
12:41 Town Watch
12:52 Fishing Lines
15:44 Wheelbarrow
15:45 Horse Collar
28:08 Castle Age
28:19 Gold Mining
28:08 Man-at-Arms
30:10 Gillnets
30:34 Medium Warships
30:10 Pikeman
30:57 Squires
30:37 Long Swordsman
34:31 Imperial Age
33:49 Double-Bit Axe
36:06 Legionary
38:52 Ballistics
39:14 Heavy Warships
40:33 Scale Mail Armor
40:44 Forging
44:28 Masonry
45:41 Chain Mail Armor
46:01 Iron Casting
Rido
3:57 Loom
14:43 Feudal Age
16:03 Wheelbarrow
15:14 Town Watch
15:16 Double-Bit Axe
17:42 Fletching
18:15 Fishing Lines
24:12 Castle Age
22:43 Scale Barding Armor
22:49 Forging
24:38 Gold Mining
24:39 Stone Mining
25:16 Husbandry
25:26 Bloodlines
25:41 Chain Barding Armor
25:40 Hand Cart
29:32 Gillnets
35:09 Circumnavigation
37:43 Stone Shaft Mining
43:07 Imperial Age
41:36 Town Patrol
Connection lost

Rejoining the realm…

Still unreachable

The connection could not be restored.

Session expired

The server has moved on; the page needs a fresh start.